 Dungeon Crawl Stone Soup version 0.17.1-1-g73c8601 (webtiles) character file.

697 Implojin the Chopper (level 7, -3/67 HPs)
             Began as a Minotaur Berserker on Apr 9, 2016.
             Was a Believer of Trog.
             Slain by a killer bee (7 damage)
             ... on level 9 of the Dungeon.
             The game lasted 00:06:00 (1137 turns).

Implojin the Chopper (Minotaur Berserker)           Turns: 1137, Time: 00:06:00

Health: -3/67      AC:  6    Str: 21    XL:     7   Next: 38%
Magic:  6/6        EV: 10    Int:  4    God:    Trog [**....]
Gold:   25         SH:  0    Dex: 12    Spells: 0 memorised, 6 levels left

rFire  . . .     SeeInvis .     a - +0 hand axe
rCold  . . .     Clarity  .     h - +0 scale mail
rNeg   . . .     SustAt   .     (no shield)
rPois  .         Gourm    .     (helmet restricted)
rElec  .         Spirit   .     (no cloak)
rCorr  .         Warding  .     (no gloves)
rMut   .         Stasis   .     (no boots)
MR     ++...                    (no amulet)
Stlth  ..........               (no ring)
                                j - +2 ring of slaying

@: lethally poisoned (-3 -> -12), very slightly contaminated, regenerating,
hasted, drained, invisible, very quick, very resistant to hostile enchantments,
extremely unstealthy
A: retaliatory headbutt, horns 2
a: Berserk, Trog's Hand, Burn Spellbooks, Renounce Religion


You were on level 9 of the Dungeon.
You worshipped Trog.
Trog was pleased with you.
You were not hungry.

You visited 1 branch of the dungeon, and saw 9 of its levels.

You collected 47 gold pieces.
You spent 22 gold pieces at shops.

Inventory:

Hand Weapons
 a - a +0 hand axe (weapon)
 m - a +2 great sword
 n - a +1 long sword
Armour
 g - a +0 chain mail
 h - a +0 scale mail (worn)
Jewellery
 j - a +2 ring of slaying (left hand)
Wands
 f - a wand of flame (14)
 k - a wand of draining (12)
Comestibles
 b - a meat ration
 l - a beef jerky


   Skills:
 + Level 7.7(7.3) Fighting
 + Level 7.9(7.6) Axes
 - Level 2.4(2.1) Armour
 - Level 2.1(1.9) Dodging


You had 6 spell levels left.
You didn't know any spells.

Dungeon Overview and Level Annotations

Branches:
Dungeon (9/15)
 Temple: D:4-7         Lair: D:8-11         Orc: D:9-12

Altars:
Ashenzari
Gozag
Ru

Shops:
D:6 *


Innate Abilities, Weirdness & Mutations

You reflexively headbutt those who attack you in melee.
You have a pair of horns on your head.


Message History

The killer bee stings you!
* * * LOW HITPOINT WARNING * * *
You are more poisoned.
The killer bee poisons you!
You continue eating.
You feel sick. The killer bee closely misses you. The killer bee stings you!
* * * LOW HITPOINT WARNING * * *
You finish eating.
That bread ration really hit the spot!
Unknown command.
Drink which item? (? for menu, Esc to quit)
You feel yourself speed up.
You feel sick.
The killer bee stings you but does no damage.
The killer bee stings you.
* * * LOW HITPOINT WARNING * * *
You are lethally poisoned!
The killer bee poisons you!
You are very lightly contaminated with residual magic.
Unknown command.
Unknown command.
Drink which item? (? for menu, Esc to quit)
It was a potion of invisibility.
You fade into invisibility!
* * * LOW HITPOINT WARNING * * *
You feel sick.
The killer bee stings you but does no damage.
Unknown command.
Unknown command.
Drink which item? (? for menu, Esc to quit)
It was a potion of poison.
That liquid tasted very nasty...
You are more poisoned.
* * * LOW HITPOINT WARNING * * *
You feel sick. The killer bee stings you.
* * * LOW HITPOINT WARNING * * *
Unknown command.
Your skin crawls.
You feel resistant to hostile enchantments.
You feel slightly more hungry.
* * * LOW HITPOINT WARNING * * *
You feel sick. The killer bee stings you!
You die...

.........#
.........#
......≈..#
....y....#
.........#
......yy.#
######## #y#
.......# #y#
.......# #@#
.......# #.#
....≈..# #.#
..≈≈≈..# #.#
.......#########.#
..............)..#
###..........#####
#..........###
###............#


You could see 4 killer bees.

Vanquished Creatures
  An orc warrior (D:9)
  An ice beast (D:6)
  2 giant frogs
  5 wights (D:9)
  2 orc priests
  An iguana (D:7)
  An orc wizard (D:8)
  3 adders
  8 orcs
  2 bats (D:3)
  2 giant cockroaches (D:3)
  A hobgoblin (D:2)
  9 jackals
  4 quokkas
  A goblin (D:1)
  3 kobolds (D:3)
  2 rats (D:3)
48 creatures vanquished.

Notes
Turn   | Place    | Note
--------------------------------------------------------------
     0 | D:1      | Implojin the Minotaur Berserker began the quest for the Orb.
     0 | D:1      | Reached XP level 1. HP: 19/19 MP: 0/0
    70 | D:2      | Reached skill level 4 in Axes
    76 | D:2      | Found a sacrificial altar of Ru.
    76 | D:2      | Found a shattered altar of Ashenzari.
    96 | D:3      | Reached XP level 2. HP: 13/27 MP: 1/1
   107 | D:3      | Reached skill level 4 in Fighting
   241 | D:3      | Reached XP level 3. HP: 23/34 MP: 2/2
   245 | D:3      | Reached ** piety under Trog
   278 | D:5      | Entered Level 5 of the Dungeon
   318 | D:6      | Found an opulent altar of Gozag.
   349 | D:6      | Reached skill level 5 in Axes
   349 | D:6      | Reached XP level 4. HP: 10/41 MP: 3/3
   383 | D:6      | Found Losiud's General Store.
   383 | D:6      | Noticed an ice beast
   391 | D:6      | Killed an ice beast
   391 | D:6      | Reached skill level 5 in Fighting
   391 | D:6      | Reached XP level 5. HP: 25/48 MP: 4/4
   400 | D:6      | Noticed a phantom
   418 | D:6      | Bought a scroll of identify for 22 gold pieces
   463 | D:6      | Noticed a giant frog
   468 | D:6      | Killed a giant frog
   468 | D:6      | Reached skill level 6 in Axes
   533 | D:7      | Reached skill level 6 in Fighting
   536 | D:7      | Reached XP level 6. HP: 6/57 MP: 5/5
   883 | D:9      | Reached skill level 7 in Axes
   919 | D:9      | Reached skill level 7 in Fighting
   947 | D:9      | Reached XP level 7. HP: 38/66 MP: 6/6
  1137 | D:9      | Slain by a killer bee

Action                   |  1- 3 |  4- 6 |  7- 9 || total
-------------------------+-------+-------+-------++-------
Melee: Hand axe          |    74 |    47 |    21 ||   142
Invok: Berserk           |       |     3 |     1 ||     4
       Trog's Hand       |       |       |     1 ||     1
  Use: Scroll            |       |     3 |       ||     3
       Potion            |       |       |     3 ||     3
  Eat: Chunk             |       |     3 |     1 ||     4
       Bread ration      |       |       |     1 ||     1

Table legend:
 A = Turns spent in this place as a percentage of turns spent in the entire game.
 B = Non-inter-level travel turns spent in this place as a percentage of non-inter-level travel turns spent in the entire game.
 C = Inter-level travel turns spent in this place as a percentage of turns spent in this place.
 D = Turns resting spent in this place as a percentage of non-inter-level travel turns spent in this place.
 E = Turns spent auto-exploring this place as a percentage of non-inter-level travel turns spent in this place.
 F = Non-inter-level travel turns spent in this place divided by the number of levels of this place that you've seen.
                   A       B       C       D       E      F
               +-------+-------+-------+-------+-------+----------------------
         Total | 100.0 | 100.0 |   0.0 |   1.8 |   0.0 |  86.9
       Dungeon | 100.0 | 100.0 |   0.0 |   1.8 |   0.0 |  86.9
               +-------+-------+-------+-------+-------+----------------------

Table legend:
 A = Kills in this place as a percentage of kills in entire the game.
 B = Kills by you in this place as a percentage of kills by you in the entire game.
 C = Kills by friends in this place as a percentage of kills by friends in the entire game.
 D = Other kills in this place as a percentage of other kills in the entire game.
 E = Experience gained in this place as a percentage of experience gained in the entire game.
 F = Experience gained in this place divided by the number of levels of this place that you have seen.
                   A       B       C       D       E      F
               +-------+-------+-------+-------+-------+----------------------
         Total | 100.0 | 100.0 |  -nan |  -nan | 100.0 | 110.8
       Dungeon | 100.0 | 100.0 |  -nan |  -nan | 100.0 | 110.8
               +-------+-------+-------+-------+-------+----------------------
